 Dungeon Crawl Stone Soup version 0.30.0-3-ga4e48a9924 (webtiles) character file.

Game seed: 15292374034318162090

287 monsoonserge the Cudgeller (level 6, -3/79 HPs)
             Began as a Meteoran Fighter on May 7, 2023.
             Was an Initiate of Nemelex Xobeh.
             Slain by a water moccasin (7 damage)
             ... on level 5 of the Dungeon.
             The game lasted 00:12:34 (2186 turns).

monsoonserge the Cudgeller (Meteoran Fighter)       Turns: 2186, Time: 00:12:34

Health: -3/79      AC:  9    Str: 19    XL:     6   Next: 87%
Magic:  7/7        EV:  8    Int: 10    God:    Nemelex Xobeh [......]
Gold:   124        SH:  5    Dex: 14    Spells: 5/5 levels left

rFire   . . .        a - +0 flail
rCold   . . .        c - +0 buckler
rNeg    . . .        f - +0 chain mail
rPois   .            (no helmet)
rElec   .            (no cloak)
rCorr   .            (no gloves)
SInv    .            (no boots)
Will    .....        (no amulet) Stlth
                     (no ring)
HPRegen 0.33/turn    (no ring)
MPRegen 0.10/turn

%: no passive effects
@: mighty, brilliant, berserking, lethally poisoned (-3 -> -10), glowing, very
quick
A: sense surroundings 1, otherworldly, glowing, explore regen
a: Renounce Religion, Draw Escape, Draw Destruction, Draw Summoning


You were on level 5 of the Dungeon.
You worshipped Nemelex Xobeh.
Nemelex Xobeh was noncommittal.
You visited 2 branches of the dungeon, and saw 6 of its levels.

You collected 124 gold pieces.

Inventory:

Hand Weapons
 a - a +0 flail (weapon)
 u - a +0 club
Missiles
 v - 3 javelins (quivered)
Armour
 b - a +0 scale mail
 c - a +0 buckler (worn)
 f - a +0 chain mail (worn)
Magical Staves
 p - a staff of death
 A - a staff of air
Jewellery
 e - an amulet of magic regeneration
 y - a ring of magical power
 z - a ring of ice
Wands
 s - a wand of flame (12)
Scrolls
 g - a scroll of fog {unknown}
 i - 2 scrolls of amnesia {unknown}
 j - 2 scrolls of fear {unknown}
 m - a scroll of teleportation {unknown}
 n - 2 scrolls of identify {unknown}
 o - 2 scrolls of enchant weapon {unknown}
 r - 3 scrolls of noise {unknown}
 w - a scroll of poison {unknown}
Potions
 h - 2 potions of brilliance
 k - 2 potions of mutation {unknown}
 l - a potion of haste {unknown}
 q - 2 potions of curing
 t - a potion of degeneration {unknown}
 x - a potion of berserk rage


   Skills:
 + Level 4.3 Fighting
 + Level 6.1 Maces & Flails
 + Level 4.7 Armour
 + Level 0.8 Dodging
 + Level 4.5 Shields


You had 5 spell levels left.
You didn't know any spells.
Your spell library was empty.

Dungeon Overview and Level Annotations

Branches:
Dungeon (5/15) Zot: 1067   Temple (1/1) D:4 Zot: 302

Altars:
Ashenzari
Cheibriados
Dithmenos
Elyvilon
Fedhas
Gozag
Hepliaklqana
Kikubaaqudgha
Makhleb
Nemelex Xobeh
Okawaru
Qazlal
Ru
Sif Muna
Trog
Uskayaw
Vehumet
Wu Jian
Xom
Yredelemnul
Zin


Innate Abilities, Weirdness & Mutations

You passively map a small area around you.
You are easily found by Zot.
You glow in the dark.
You regain HP and MP as you explore.


Message History

The water moccasin bites you.
* * * LOW HITPOINT WARNING * * *
It was a potion of curing.
You feel better. The water moccasin bites you.
* * * LOW HITPOINT WARNING * * *
You barely miss the water moccasin.
The water moccasin is heavily wounded.
The water moccasin bites you but does no damage.
The water moccasin bites you.
* * * LOW HITPOINT WARNING * * *
Unknown command.
It was a potion of berserk rage.
A red film seems to cover your vision as you go berserk!
You feel yourself moving faster!
You feel mighty! You block the water moccasin's attack.
You sock the water moccasin!
The water moccasin is almost dead.
The water moccasin barely misses you.
You closely miss the water moccasin.
The water moccasin is almost dead.
The water moccasin barely misses you.
You closely miss the water moccasin.
The water moccasin is almost dead.
The water moccasin barely misses you.
The iguana hisses menacingly.
The water moccasin bites you but does no damage.
You closely miss the water moccasin.
The water moccasin is almost dead.
The water moccasin barely misses you.
You miss the water moccasin.
The water moccasin is almost dead.
The water moccasin bites you.
* * * LOW HITPOINT WARNING * * *
You are lethally poisoned!
The water moccasin poisons you!
You barely miss the water moccasin.
The water moccasin is almost dead.
* * * LOW HITPOINT WARNING * * *
You feel sick. The water moccasin bites you!
You die...
Your body disappears without additional glow.

###############
######......@S5l....
#......#############
#.###### * * #.#
,,,, * #.# #.#**
**** #.# #.# * * ,
#.# #.# * #.# #.# *,
* * #.# #.#


You could see a water moccasin, an iguana and an ufetubus.

Vanquished Creatures
  A phantom (D:4)
  A scorpion (D:4)
  A sleepcap (D:4)
  An iguana (D:3)
  3 adders
  An ufetubus (D:5)
  5 worms
  4 dart slugs
  3 orcs (D:4)
  2 bats (D:2)
  3 endoplasms
  5 giant cockroaches
  3 goblins
  6 hobgoblins
  A quokka (D:4)
  4 ball pythons
  A frilled lizard (D:1)
  3 kobolds
  5 rats
53 creatures vanquished.

Notes
Turn   | Place    | Note
-------+----------+-------------------------------------------
     0 | D:1      | monsoonserge the Meteoran Fighter began the quest for the
                  | Orb.
     0 | D:1      | Reached XP level 1. HP: 19/19 MP: 2/2
   185 | D:1      | Reached XP level 2. HP: 26/26 MP: 3/3
   453 | D:1      | Noticed an eye of devastation
   455 | D:1      | Found a faded altar of an unknown god.
   457 | D:1      | Noticed an eye of devastation
   457 | D:1      | Noticed a shining eye
   457 | D:1      | Noticed an eye of devastation
   490 | D:1      | Glimpsed the power of Zot.
   523 | D:2      | Reached skill level 3 in Maces & Flails
   546 | D:2      | Reached XP level 3. HP: 31/31 MP: 4/4
   645 | D:2      | Reached XP level 4. HP: 40/40 MP: 5/5
   826 | D:3      | Reached skill level 4 in Maces & Flails
   999 | D:3      | Reached XP level 5. HP: 46/46 MP: 6/6
  1240 | D:4      | Reached skill level 5 in Maces & Flails
  1248 | D:4      | Reached XP level 6. HP: 47/52 MP: 7/7
  1330 | D:4      | Reached skill level 6 in Maces & Flails
  1529 | D:4      | Found a staircase to the Ecumenical Temple.
  1541 | Temple   | Entered the Ecumenical Temple
  1817 | Temple   | Became a worshipper of Nemelex Xobeh the Trickster
  2018 | D:5      | Entered Level 5 of the Dungeon
  2158 | D:5      | Noticed a water moccasin
  2177 | D:5      | HP: 2/53 [water moccasin (1)]
  2186 | D:5      | Slain by a water moccasin

Illustrated notes

Levels and vault maps discovered:
D:1:      evilmike_arrival_hilbert_curve, layout_basic,
          hellmonk_ecumenical_altar_watching_god
D:2:      layout_rooms
D:3:      layout_basic, nicolae_tso_carved_into_rock
D:4:      layout_gridville, minmay_temple_entry_fiery, serial_glass,
          glass_columns_a, glass_columns_c, glass_columns_a, glass_columns_c,
          glass_columns_b
D:5:      layout_loops_ring
Temple:   regret_index_temple_sigil_plot

Skill      XL: |  1  2  3  4  5  6 |
---------------+-------------------+-----
Armour         | 4 |  4.7
Maces & Flails | 3 4 5 6 |  6.1
Shields        | 4 |  4.5
Fighting       | 4 |  4.3
Dodging        | |  0.8

Action                     |  1- 3 |  4- 6 || total
---------------------------+-------+-------++-------
  Melee: Flail             |    58 |   152 ||   210
  Throw: Javelin           |       |     1 ||     1
    Use: Potion            |       |     4 ||     4
 Armour: Chain mail        |    27 |    66 ||    93
         Scale mail        |     3 |       ||     3
  Dodge: Dodged            |    17 |    46 ||    63
  Block: Buckler           |     8 |    27 ||    35
